 Dungeon Crawl Stone Soup version 0.30-a0-174-gbc10bd73c2 (webtiles) character file.

Game seed: 4904781923029540692

2892 qw the Cleaver (level 9, -1/55 HPs)
             Began as a Gargoyle Fighter on Oct 1, 2022.
             Was a Priest of Okawaru.
             Splashed by a jelly's acid (2 damage)
             ... on level 7 of the Dungeon.
             The game lasted 00:02:16 (5796 turns).

qw the Cleaver (Gargoyle Fighter)                   Turns: 5796, Time: 00:02:16

Health: -1/55      AC: 17    Str: 24    XL:     9   Next: 77%
Magic:  12/12      EV:  9    Int:  9    God:    Okawaru [***...]
Gold:   145        SH:  6    Dex:  9    Spells: 8/8 levels left

rFire   . . .      SeeInvis .    Y - +2 war axe
rCold   . . .      Faith    .    c - +0 buckler
rNeg    + . .      Spirit   .    k - +0 chain mail
rPois   inf        Reflect  .    (no helmet)
rElec   +          Harm     .    (no cloak)
rCorr   +          Rampage  .    (no gloves)
Will    .....                    (no boots)
Stlth   ..........               (no amulet)
HPRegen 0.29/turn                o - ring of resist corrosion
MPRegen 0.13/turn                (no ring)

@: about to teleport, heroic, marked
A: sickness immunity, AC +6, negative energy resistance 1, electricity
resistance, torment resistance 1, petrification resistance
a: Renounce Religion, Heroism


You were on level 7 of the Dungeon.
You worshipped Okawaru.
Okawaru was most pleased with you.
You visited 1 branch of the dungeon, and saw 7 of its levels.

You collected 568 gold pieces.
You spent 423 gold pieces at shops.


Innate Abilities, Weirdness & Mutations

You are immune to sickness and miasma.
Your stone body is resilient. (AC +6)
You are immune to poison.
You resist negative energy. (rN+)
You are resistant to electric shocks. (rElec)
You are resistant to unholy torment.
You are immune to petrification.


   Skills:
 - Level 6.0(11.0) Fighting
 - Level 9.0(14.0) Axes
 - Level 3.5(8.5) Throwing
 + Level 3.4(8.4) Armour
 - Level 1.2(6.2) Dodging
 - Level 6.1(11.1) Shields
 - Level 4.0 Invocations


You had 8 spell levels left.
You didn't know any spells.
Your spell library was empty.

Inventory:

Hand Weapons
 i - a +1 demon whip of electrocution
 Y - a +2 war axe (weapon)
Missiles
 b - 2 boomerangs
 m - 3 javelins (quivered)
Armour
 c - a +0 buckler (worn)
 k - a +0 chain mail (worn)
Jewellery
 o - a ring of resist corrosion (left hand)
 q - a ring of resist corrosion
Scrolls
 l - 2 scrolls of identify
 n - a scroll of teleportation
 r - 2 scrolls of enchant armour
Potions
 a - a potion of mutation
 d - 2 potions of might
 e - 6 potions of curing
 f - a potion of haste
 g - a potion of magic {unknown}
 h - a potion of resistance {unknown}
 j - a potion of lignification {unknown}
 p - a potion of attraction {unknown}

Dungeon Overview and Level Annotations

Branches:
Dungeon (7/15)             Temple (0/1) D:4

Altars:
Okawaru
Ru
Trog
Xom
Yredelemnul

Shops:
D:5 *

Portals:
Bailey: D:7

Annotations:
D:6 1 runed translucent door, qw's ghost, novice GrFi


Message History

You hit the gnoll bouda.
You hear the faint creaking of a portcullis nearby.
A necrophage comes into view.
The centaur unwields a +0 shortbow.
The centaur hits you but does no damage.
The centaur kicks you but does no damage.
The gnoll bouda hits you with a +0 whip.
The gnoll closely misses you.
You hit the gnoll bouda.
You kill the gnoll bouda!
Okawaru accepts your kill.
You hit the centaur. You barely miss the gnoll bouda.
Your attacks no longer feel as feeble.
The gnoll bouda hits you with a +1 whip of flaming!
The gnoll bouda burns you.
The centaur hits you but does no damage.
The centaur kicks you.
5793 ||| READING 2 scrolls of teleportation.
As you read the scroll of teleportation, it crumbles to dust.
You feel strangely unstable. The gnoll hits you but does no damage.
The gnoll bouda barely misses you. You block the centaur's attack. x2
An orc comes into view. It is wielding a +0 hand axe.
The jelly hits you but does no damage.
You barely miss the centaur.
The centaur is lightly wounded.
You slash the jelly!
Your hands burn!
You hit the gnoll bouda but do no damage.
The centaur completely misses you. You block the centaur's attack.
You block the gnoll's attack. The gnoll bouda barely misses you.
You block the jelly's attack.
You hit the jelly.
Your hands burn!
The jelly is severely wounded.
You barely miss the gnoll bouda. You hit the centaur.
The centaur hits you but does no damage.
The centaur barely misses you. The gnoll hits you but does no damage.
You block the gnoll bouda's attack. The centaur misses you.
The centaur kicks you.
You hit the jelly.
Your hands burn!
You die...

#.#..... .... ....... ...
...... . ...... ..#
......# .. #...#### ##.##
..o...#
..###..#..###gW.###......
.....[.....###g###.....# #
~~~.......###..)##.....#..
##~.......##...J@g........
.#~...##......##.c.>...###
.#~...##.....##...........
.#~..###...####...........
##~...##....#.......n...#.
~~~............#..##......
....[.##.[..#..##.. ...#..
............#..##.. ...# .
............#...#.. ..#


You could see a wraith, a necrophage, a centaur, a gnoll bouda, a jelly, 2
gnolls and an orc.

Vanquished Creatures
  A two-headed ogre (D:7)
  Pikel (D:5)
  A gargoyle (D:6)
  Prince Ribbit (D:6)
  Menkaure (D:5)
  An orc warrior (D:6)
  2 ogres
  A phantom (D:5)
  2 lemures (D:5)
  2 bullfrogs (D:6)
  5 scorpions
  A howler monkey (D:4)
  An orc priest (D:7)
  Jessica (D:3)
  A gnoll bouda (D:7)
  3 iguanas
  4 orc wizards
  7 gnolls
  8 adders
  3 ufetubi
  2 worms
  4 dart slugs
  20 orcs
  9 endoplasms
  8 giant cockroaches
  11 goblins
  5 hobgoblins
  A jackal (D:1)
  3 quokkas
  8 ball pythons
  4 bats
  6 frilled lizards
  8 kobolds
  4 rats
140 creatures vanquished.

Vanquished Creatures (others)
  5 plants (D:7)
  2 withered plants (D:6)
7 creatures vanquished.

Grand Total: 147 creatures vanquished

Notes
Turn   | Place    | Note
-------+----------+-------------------------------------------
     0 | D:1      | qw the Gargoyle Fighter began the quest for the Orb.
     0 | D:1      | Reached XP level 1. HP: 14/14 MP: 1/1
     0 | D:1      | 0 ||| qw: Version: 0.2-a-13-gfc7b4b4
     0 | D:1      | 0 ||| qw: Game counter: 1919
     0 | D:1      | 0 ||| qw: Always use a shield: true
     0 | D:1      | 0 ||| qw: God list: Okawaru
     0 | D:1      | 0 ||| qw: Allow faded altars: false
     0 | D:1      | 0 ||| qw: Do Orc after D:15 true
     0 | D:1      | 0 ||| qw: Do second Lair branch before Depths: true
     0 | D:1      | 0 ||| qw: Lair rune preference: random
     0 | D:1      | 0 ||| qw: Plans: Normal, Zot:1-4, God:TSO, Crypt, Tomb,
                  | Pan, Slime:5, Hells, Abyss, Orb
     0 | D:1      | 0 ||| PLANNING D:1-11
    73 | D:1      | Reached skill level 2 in Axes
   153 | D:1      | Reached XP level 2. HP: 19/19 MP: 2/2
   294 | D:1      | 294 ||| Stepping ~*~*~tactically~*~*~ (stealth).
   309 | D:1      | Reached skill level 3 in Axes
   356 | D:1      | Reached XP level 3. HP: 23/23 MP: 3/3
   542 | D:1      | You fall into a shaft and drop 1 floor!
   548 | D:2      | 548 ||| UPGRADING to amulet of guardian spirit.
   553 | D:2      | 553 ||| READING scroll labelled KEVVET ASK.
   555 | D:2      | 555 ||| Stepping ~*~*~tactically~*~*~ (stealth).
   561 | D:2      | 561 ||| READING scroll labelled TYOG POUHUMP.
   562 | D:2      | 562 ||| READING scroll labelled NUNA CUIBODDU.
   708 | D:1      | 708 ||| Stepping ~*~*~tactically~*~*~ (stealth).
   709 | D:1      | 709 ||| Stepping ~*~*~tactically~*~*~ (stealth).
   779 | D:1      | 779 ||| READING scroll labelled FOFINABINN.
   780 | D:1      | 780 ||| READING scroll labelled GEIWOZIOLAO.
   830 | D:2      | 830 ||| Stepping ~*~*~tactically~*~*~ (stealth).
   831 | D:2      | 831 ||| Stepping ~*~*~tactically~*~*~ (stealth).
  1108 | D:2      | Reached XP level 4. HP: 28/28 MP: 4/4
  1177 | D:2      | 1177 ||| Stepping ~*~*~tactically~*~*~ (hiding).
  1178 | D:2      | 1178 ||| Stepping ~*~*~tactically~*~*~ (hiding).
  1522 | D:2      | Found a faded altar of an unknown god.
  1536 | D:2      | 1536 ||| READING scroll labelled FEINYI YNORHAP.
  1537 | D:2      | 1537 ||| READING scroll labelled RAPHUI UTYXTY.
  1538 | D:2      | 1538 ||| DRINKING 2 golden potions.
  1658 | D:3      | Reached skill level 4 in Axes
  1713 | D:3      | 1713 ||| DROPPING +0 club.
  1751 | D:3      | Noticed Jessica
  1759 | D:3      | Killed Jessica
  1772 | D:3      | 1772 ||| FLEEEEING.
  1773 | D:3      | 1773 ||| FLEEEEING.
  1774 | D:3      | 1774 ||| FLEEEEING.
  1775 | D:3      | 1775 ||| FLEEEEING.
  1776 | D:3      | 1776 ||| FLEEEEING.
  1780 | D:3      | 1780 ||| FLEEEEING.
  1781 | D:3      | 1781 ||| FLEEEEING.
  1782 | D:3      | 1782 ||| FLEEEEING.
  2029 | D:3      | 2029 ||| Stepping ~*~*~tactically~*~*~ (stealth).
  2041 | D:3      | Reached XP level 5. HP: 28/32 MP: 5/5
  2056 | D:3      | 2056 ||| Stepping ~*~*~tactically~*~*~ (stealth).
  2059 | D:3      | 2059 ||| Stepping ~*~*~tactically~*~*~ (hiding).
  2061 | D:3      | 2061 ||| Stepping ~*~*~tactically~*~*~ (hiding).
  2181 | D:3      | Reached skill level 5 in Axes
  2481 | D:3      | 2481 ||| Stepping ~*~*~tactically~*~*~ (stealth).
  2530 | D:3      | 2530 ||| DROPPING +1 whip of flaming.
  2575 | D:3      | 2575 ||| UPGRADING to +0 chain mail.
  2585 | D:3      | 2585 ||| DROPPING +0 scale mail.
  2586 | D:3      | 2586 ||| DRINKING 2 metallic emerald potions.
  2587 | D:3      | 2587 ||| DROPPING potion of invisibility.
  2624 | D:4      | Noticed an ogre
  2635 | D:4      | Killed an ogre
  2636 | D:4      | Reached XP level 6. HP: 35/39 MP: 4/6
  2890 | D:4      | Found a sacrificial altar of Ru.
  2977 | D:4      | Found a basalt altar of Yredelemnul.
  3065 | D:4      | Found an iron altar of Okawaru.
  3066 | D:4      | 3066 ||| PLANNING OKAWARU WORSHIP
  3066 | D:4      | 3066 ||| READING scroll labelled XOBRUT KYPIYCI.
  3067 | D:4      | 3067 ||| READING scroll labelled LUS POUFIKUELIMUACS.
  3071 | D:4      | 3071 ||| FLEEEEING.
  3073 | D:4      | 3073 ||| FLEEEEING.
  3074 | D:4      | 3074 ||| FLEEEEING.
  3075 | D:4      | 3075 ||| FLEEEEING.
  3076 | D:4      | 3076 ||| FLEEEEING.
  3077 | D:4      | 3077 ||| FLEEEEING.
  3078 | D:4      | 3078 ||| FLEEEEING.
  3079 | D:4      | 3079 ||| FLEEEEING.
  3080 | D:4      | 3080 ||| FLEEEEING.
  3081 | D:4      | 3081 ||| FLEEEEING.
  3083 | D:4      | 3083 ||| FLEEEEING.
  3084 | D:4      | 3084 ||| FLEEEEING.
  3085 | D:4      | 3085 ||| FLEEEEING.
  3086 | D:4      | 3086 ||| FLEEEEING.
  3087 | D:4      | 3087 ||| STAIRDANCE
  3094 | D:4      | 3094 ||| STAIRDANCE
  3117 | D:4      | Became a worshipper of Warmaster Okawaru
  3118 | D:4      | 3118 ||| PLANNING D:1-11
  3118 | D:4      | 3118 ||| REMOVING amulet of guardian spirit.
  3213 | D:4      | Found a staircase to the Ecumenical Temple.
  3444 | D:4      | 3444 ||| DROPPING amulet of guardian spirit.
  3445 | D:4      | 3445 ||| READING scroll labelled ODUIRU FYNYE.
  3475 | D:5      | Entered Level 5 of the Dungeon
  3484 | D:5      | Reached skill level 1 in Throwing
  3566 | D:5      | 3566 ||| DROPPING +0 flail.
  3605 | D:5      | Reached XP level 7. HP: 44/44 MP: 7/7
  3605 | D:5      | 3605 ||| Stepping ~*~*~tactically~*~*~ (stealth).
  3606 | D:5      | 3606 ||| Stepping ~*~*~tactically~*~*~ (stealth).
  3640 | D:5      | 3640 ||| Stepping ~*~*~tactically~*~*~ (hiding).
  3650 | D:5      | Reached skill level 6 in Axes
  3785 | D:5      | Reached skill level 1 in Dodging
  3861 | D:5      | 3861 ||| Stepping ~*~*~tactically~*~*~ (hiding).
  4012 | D:5      | Noticed Menkaure
  4019 | D:5      | Killed Menkaure
  4020 | D:5      | Reached skill level 7 in Axes
  4035 | D:5      | Found a shimmering altar of Xom.
  4124 | D:5      | Reached * piety under Okawaru
  4125 | D:5      | Reached XP level 8. HP: 39/49 MP: 8/8
  4224 | D:5      | 4224 ||| INVOKING Heroism.
  4230 | D:5      | Reached skill level 1 in Invocations
  4291 | D:5      | Found a bloodstained altar of Trog.
  4367 | D:5      | Noticed Pikel
  4368 | D:5      | 4368 ||| INVOKING Heroism.
  4376 | D:5      | Killed Pikel
  4377 | D:5      | Reached skill level 3 in Throwing
  4377 | D:5      | Reached skill level 3 in Invocations
  4507 | D:5      | Found Quet's Assorted Antiques.
  4510 | D:5      | 4510 ||| BUYING grey potion (23 gold).
  4510 | D:5      | Bought a grey potion for 23 gold pieces
  4510 | D:5      | 4510 ||| BUYING potion of curing (78 gold).
  4510 | D:5      | Bought a potion of curing for 78 gold pieces
  4510 | D:5      | 4510 ||| BUYING scroll labelled ENKEQA ICSOGRY (26 gold).
  4510 | D:5      | Bought a scroll labelled ENKEQA ICSOGRY for 26 gold pieces
  4510 | D:5      | 4510 ||| BUYING scroll of enchant armour (195 gold).
  4510 | D:5      | Bought a scroll of enchant armour for 195 gold pieces
  4510 | D:5      | 4510 ||| BUYING scroll of teleportation (78 gold).
  4510 | D:5      | Bought a scroll of teleportation for 78 gold pieces
  4510 | D:5      | 4510 ||| BUYING silvery potion (23 gold).
  4510 | D:5      | Bought a silvery potion for 23 gold pieces
  4618 | D:5      | 4618 ||| UPGRADING to ring of resist corrosion.
  4619 | D:5      | 4619 ||| READING scroll labelled RUNAR KYUFUH.
  4620 | D:5      | 4620 ||| READING scroll labelled ENKEQA ICSOGRY.
  4621 | D:5      | 4621 ||| DRINKING 2 silvery potions.
  4707 | D:6      | Noticed a gargoyle
  4711 | D:6      | 4711 ||| INVOKING Heroism.
  4712 | D:6      | Killed a gargoyle
  4712 | D:6      | Reached ** piety under Okawaru
  4713 | D:6      | Reached skill level 8 in Axes
  4713 | D:6      | Reached XP level 9. HP: 24/54 MP: 9/12
  4940 | D:6      | 4940 ||| READING scroll of enchant weapon.
  4940 | D:6      | 4940 ||| ENCHANTING +1 war axe.
  4962 | D:6      | Found a runed translucent door.
  4965 | D:6      | Noticed qw's ghost (novice GrFi)
  5029 | D:6      | 5029 ||| INVOKING Heroism.
  5032 | D:6      | Reached skill level 6 in Fighting
  5040 | D:6      | 5040 ||| Stepping ~*~*~tactically~*~*~ (stealth).
  5111 | D:6      | 5111 ||| Stepping ~*~*~tactically~*~*~ (stealth).
  5112 | D:6      | 5112 ||| Stepping ~*~*~tactically~*~*~ (stealth).
  5113 | D:6      | 5113 ||| Stepping ~*~*~tactically~*~*~ (stealth).
  5140 | D:6      | Noticed Prince Ribbit
  5141 | D:6      | 5141 ||| INVOKING Heroism.
  5153 | D:6      | Killed Prince Ribbit
  5481 | D:6      | Reached skill level 9 in Axes
  5550 | D:6      | 5550 ||| READING scroll labelled YKUJOCSE MIRPH.
  5551 | D:6      | 5551 ||| READING 2 scrolls of identify.
  5551 | D:6      | 5551 ||| IDENTIFYING murky ruby potion
  5593 | D:7      | 5593 ||| Stepping ~*~*~tactically~*~*~ (hiding).
  5595 | D:7      | 5595 ||| INVOKING Heroism.
  5600 | D:7      | 5600 ||| Stepping ~*~*~tactically~*~*~ (hiding).
  5602 | D:7      | 5602 ||| Stepping ~*~*~tactically~*~*~ (hiding).
  5709 | D:7      | 5709 ||| INVOKING Heroism.
  5727 | D:7      | Found a flagged portal.
  5778 | D:7      | Noticed a two-headed ogre
  5779 | D:7      | 5779 ||| INVOKING Heroism.
  5787 | D:7      | Killed a two-headed ogre
  5787 | D:7      | Reached *** piety under Okawaru
  5788 | D:7      | Reached skill level 6 in Shields
  5792 | D:7      | HP: 9/55 [gnoll bouda/+1 whip of flaming (9)]
  5792 | D:7      | HP: 4/55 [centaur (2)]
  5793 | D:7      | 5793 ||| READING 2 scrolls of teleportation.
  5795 | D:7      | HP: 1/55 [acid (1)]
  5796 | D:7      | Splashed by a jelly's acid

Levels and vault maps discovered:
D:1:      dpeg_arrival_snail, layout_basic
D:2:      layout_loops_cross, shapermc_ecumenical_altar_mp_highgroup,
          serial_bayou_pond_a
D:3:      layout_basic, chequers_serial_rivers_marsh, uniq_jessica
D:4:      layout_cave_pods, nicolae_ru_sacrificial_ziggurat,
          mainiacjoe_overflow_tiny_flanked, overflow_temple_1_default,
          minmay_temple_entry_statues_fountains, nicolae_titane
D:5:      layout_basic, old_standard_altar, kennysheep_mini_moat, serial_shops,
          kennysheep_mini, fountainhead, uniq_pikel, uniq_menkaure
D:6:      layout_loops_ring, gammafunk_ghost_grave,
          chequers_serial_rivers_micro_d, uniq_prince_ribbit1
D:7:      layout_cave_pools, marbit_many_paths, enter_bailey_3,
          serial_bayou_pond_b, nicolae_fountain_basement

Skill      XL: |  1  2  3  4  5  6  7  8  9 |
---------------+----------------------------+-----
Axes           | 2 3 4 5 7 8 9 |  9.0
Fighting       | 4 5 6 |  6.0
Throwing       | 1 3 |  3.5
Dodging        | 1 |  1.2
Invocations    | 4 |  4.0
Shields        | 6 |  6.1
Armour         | |  3.4

Action                   |  1- 3 |  4- 6 |  7- 9 || total
-------------------------+-------+-------+-------++-------
Melee: War axe           |   107 |   152 |   165 ||   424
Throw: Javelin           |       |     4 |    33 ||    37
Invok: Heroism           |       |       |     8 ||     8
  Use: Scroll            |     5 |     5 |     6 ||    16
       Potion            |       |     2 |     1 ||     3
 Stab: Invisible         |       |     1 |       ||     1
Armor: Scale mail        |    54 |    42 |       ||    96
       Chain mail        |       |    18 |    73 ||    91
Dodge: Dodged            |    47 |    42 |    64 ||   153
Block: Buckler           |    19 |    21 |    30 ||    70

Table legend:
 A = Non-vault XP
 B = Vault XP
 C = Vault XP percentage of total XP
 D = Non-vault monster count
 E = Vault monster count
 F = Vault count percentage of total count
                 A         B        C        D         E       F
            +---------+---------+-------+---------+---------+-------
      Total |    2317 |    1815 |  43.9 |     129 |       9 |   6.5
            +---------+---------+-------+---------+---------+-------
        D:1 |      47 |       0 |   0.0 |      27 |       0 |   0.0
        D:2 |      50 |       0 |   0.0 |      19 |       0 |   0.0
        D:3 |     115 |      37 |  24.3 |      30 |       1 |   3.2
        D:4 |     326 |       0 |   0.0 |      13 |       0 |   0.0
        D:5 |     636 |     792 |  55.5 |      16 |       2 |  11.1
        D:6 |     986 |     286 |  22.5 |      18 |       1 |   5.3
        D:7 |     157 |     700 |  81.7 |       6 |       5 |  45.5
            +---------+---------+-------+---------+---------+-------
